 Dungeon Crawl Stone Soup version 0.28.0 (webtiles) character file.

Game seed: 13625524384395007115

522 Descartes the Ruffian (level 7, -3/66 HPs)
             Began as a Troll Warper on Feb 11, 2022.
             Slain by an ice beast (14 damage)
             ... on level 5 of the Dungeon.
             The game lasted 00:05:35 (2955 turns).

Descartes the Ruffian (Troll Warper)                Turns: 2955, Time: 00:05:35

Health: -3/66      AC:  4    Str: 20    XL:     7   Next: 1%
Magic:  9/9        EV: 10    Int: 11    God:
Gold:   163        SH:  0    Dex:  9    Spells: 10/10 levels left

rFire   . . .      SeeInvis .     - Unarmed
rCold   . . .      Faith    .   (no shield)
rNeg    . . .      Spirit   .   a - +0 robe
rPois   .          Reflect  .   (helmet restricted)
rElec   .          Harm     .   (no cloak)
rCorr   .          Rampage  .   (gloves unavailable)
Will    .....                   (boots unavailable)
Stlth   +.........              (no amulet)
HPRegen 1.01/turn               (no ring)
MPRegen 0.11/turn               (no ring)

@: no status effects
A: large, unfitting armour, claws 3, regeneration 1, shaggy fur 1, tough skin 1
a: no special abilities


You were on level 5 of the Dungeon.
You visited 1 branch of the dungeon, and saw 5 of its levels.

You collected 163 gold pieces.

Inventory:

Missiles
 c - 5 boomerangs of dispersal (quivered)
 d - 129 stones
 f - 3 curare-tipped darts
 l - 4 poisoned darts
 o - 2 boomerangs
Armour
 a - a +0 robe (worn)
Scrolls
 b - 2 scrolls of blinking
 e - a scroll of teleportation {unknown}
 g - 5 scrolls of identify {unknown}
 h - 2 scrolls of magic mapping {unknown}
 j - a scroll of torment {unknown}
 k - a scroll of fear {unknown}
 m - a scroll of noise {unknown}
 n - a scroll of silence {unknown}
 s - a scroll of enchant armour {unknown}
 t - a scroll of enchant weapon {unknown}
Potions
 i - 2 potions of curing
 p - a potion of invisibility {unknown}
 q - a potion of heal wounds {unknown}
 r - a potion of magic {unknown}
 u - a potion of brilliance {unknown}
 v - a potion of lignification {unknown}
 w - a potion of flight {unknown}


   Skills:
 + Level 2.9 Fighting
 + Level 2.6 Throwing
 + Level 3.1 Dodging
 + Level 3.5 Unarmed Combat
 + Level 2.2 Spellcasting
 + Level 3.1 Translocations


You had 10 spell levels left.
You didn't know any spells.
Your spell library contained the following spells:

 Spells                   Type           Power      Damage    Failure   Level
 Blink                    Tloc           16%        N/A       12%         2
 Gell's Gravitas          Tloc           8%         N/A       24%         3
 Lesser Beckoning         Tloc           8%         N/A       24%         3
 Teleport Other           Tloc           8%         N/A       24%         3
 Sting                    Tmut/Pois      4%         1d3       28%         1
 Corpse Rot               Necr/Air       2%         N/A       41%         2
 Ensorcelled Hibernation  Hex/Ice        2%         N/A       41%         2
 Poisonous Vapours        Pois/Air       2%         N/A       41%         2
 Conjure Flame            Conj/Fire      1%         6-21      65%         3
 Ignite Poison            Fire/Tmut/Pois 1%         N/A       65%         3
 Spider Form              Tmut/Pois      1%         N/A       65%         3
 Manifold Assault         Tloc           8%         N/A       91%         5
 Anguish                  Hex/Necr       0%         N/A       96%         4
 Dispel Undead            Necr           1%         3d6       96%         4
 Olgreb's Toxic Radiance  Pois           1%         N/A       96%         4
 Sticky Flame             Conj/Fire      1%         2d3       96%         4
 Death Channel            Necr           0%         N/A       100%        6
 Dispersal                Tloc           4%         N/A       100%        6


Dungeon Overview and Level Annotations

Branches:
Dungeon (5/15)
 Temple: D:4-7

Altars:
Dithmenos
Fedhas
Kikubaaqudgha
Trog

Shops:
D:4 =


Innate Abilities, Weirdness & Mutations

You are too large for most types of armour.
You have claws for hands.
Your natural rate of healing is unusually fast.
You are covered in fur. (AC +1)
You have tough skin. (AC +1)


Message History

The ice beast closely misses you.
You claw the ogre!
The ogre is almost dead.
The ogre hits you with a +0 giant spiked club!!
The ice beast closely misses you.
You barely miss the ogre.
The ogre is almost dead.
The ogre hits you with a +0 giant spiked club!!
The ice beast hits you.
* * * LOW HITPOINT WARNING * * *
The ice beast freezes you!
* * * LOW HITPOINT WARNING * * *
It was a potion of curing.
You feel better. The ice beast barely misses you.
You scratch the ice beast.
The ice beast is lightly wounded.
The ice beast barely misses you.
You scratch the ice beast.
The ice beast is moderately wounded.
The ice beast hits you but does no damage.
You scratch the ice beast.
The ice beast is moderately wounded.
You closely miss the ice beast.
The ice beast is moderately wounded.
The ice beast barely misses you.
You claw the ice beast!
The ice beast is almost dead.
The ice beast hits you but does no damage.
You scratch the ice beast but do no damage.
The ice beast is almost dead.
The ice beast hits you. The ice beast freezes you!
* * * LOW HITPOINT WARNING * * *
You scratch the ice beast.
The ice beast is almost dead.
The ice beast completely misses you.
You barely miss the ice beast.
The ice beast is almost dead.
The ice beast hits you.
* * * LOW HITPOINT WARNING * * *
The ice beast freezes you!
You die...

..##.......## ### #..
............# #.. ..
............# #.####### ..
##..........#####.....$.. .##
#...).......... ......... ..#
#...........# ##........ #.#
#.))....# #O........ #.#
##.)...## #Y#O...... #<#
#....## #@#....... #.#
####.#######.#....... #.....
#...##....#....... ###.S#
##...##.####....... ##..
##.........# ######### #.
#........#.###### ... .
#.......##.....)###.# .. #
.#####.......#######.#...##.#
................ ......# ...


You could see an ice beast and an ogre.

Vanquished Creatures
  2 ogres
  2 scorpions
  A hound (D:4)
  2 orc wizards
  2 hound skeletons (D:4)
  6 adders
  A worm (D:4)
  2 dart slugs (D:1)
  7 orcs
  5 ball pythons
  A bat (D:1)
  7 endoplasms
  6 giant cockroaches
  3 hobgoblins
  2 quokkas
  2 frilled lizards
  8 goblins
  9 kobolds
  4 rats
72 creatures vanquished.

Notes
Turn   | Place    | Note
-------+----------+-------------------------------------------
     0 | D:1      | Descartes the Troll Warper began the quest for the Orb.
     0 | D:1      | Reached XP level 1. HP: 19/19 MP: 1/1
   100 | D:1      | Reached skill level 1 in Throwing
   220 | D:1      | Reached XP level 2. HP: 28/28 MP: 3/3
  1026 | D:2      | Reached XP level 3. HP: 35/35 MP: 4/4
  1032 | D:2      | Noticed a scorpion
  1037 | D:2      | Killed a scorpion
  1038 | D:2      | Reached XP level 4. HP: 42/42 MP: 5/5
  2006 | D:3      | Found a bloodstained altar of Trog.
  2122 | D:4      | Noticed a scorpion
  2128 | D:4      | Killed a scorpion
  2129 | D:4      | Reached XP level 5. HP: 43/50 MP: 6/6
  2216 | D:4      | Found Qotwer's Jewellery Emporium.
  2355 | D:4      | Found a blossoming altar of Fedhas.
  2406 | D:4      | Found a shadowy altar of Dithmenos.
  2419 | D:4      | Reached XP level 6. HP: 46/59 MP: 7/7
  2623 | D:4      | Found an ancient bone altar of Kikubaaqudgha.
  2662 | D:5      | Entered Level 5 of the Dungeon
  2662 | D:5      | Noticed a water moccasin
  2882 | D:5      | Reached XP level 7. HP: 37/66 MP: 9/9
  2955 | D:5      | Slain by an ice beast

Illustrated notes

Levels and vault maps discovered:
D:1:      dpeg_arrival_another_circle, layout_basic
D:2:      layout_loops_ring
D:3:      layout_rooms, bloody_trog
D:4:      layout_cave_pools, nicolae_dithmenos_the_darkroom,
          mainiacjoe_overflow_chevrons, kennysheep_mini_moat,
          serial_column_ruins, column_ruins_hut_water, column_ruins_hut_ruined,
          column_ruins_open_small, column_ruins_columns_straight,
          column_ruins_columns_straight, serial_shops, shop_fountains,
          st_stairs_3, minmay_misc_feat_cross, bh_walls_and_bars
D:5:      layout_rooms, amcnicky_mini_rare_corridor_liquid

Skill      XL: |  1  2  3  4  5  6 |
---------------+-------------------+-----
Throwing       | 1 2 |  2.6
Dodging        | 2 3 |  3.1
Fighting       | 2 |  2.9
Unarmed Combat | 3 |  3.5
Spellcasting   | 2 |  2.2
Translocations | 3 |  3.1

Action                   |  1- 3 |  4- 6 |  7- 9 || total
-------------------------+-------+-------+-------++-------
Melee: Unarmed           |    50 |   154 |    16 ||   220
       Punch             |     1 |     2 |       ||     3
  Use: Potion            |       |       |     1 ||     1
 Stab: Sleeping          |     1 |       |       ||     1
Armor: Robe              |    21 |    36 |     2 ||    59
Dodge: Dodged            |    20 |    72 |     9 ||   101
